 Dungeon Crawl Stone Soup version 0.22-a0-379-ga9d99d6 (webtiles) character file.

101845 tilp the Phalangite (level 16, -3/111 HPs)
             Began as a Merfolk Ice Elementalist on Apr 28, 2018.
             Was the Champion of Makhleb.
             Slain by a death knight
             ... wielding a +3 halberd
              (23 damage)
             ... on level 14 of the Dungeon.
             The game lasted 02:08:20 (34573 turns).

tilp the Phalangite (Merfolk Ice Elementalist)     Turns: 34573, Time: 02:08:21

Health: -3/111     AC: 13    Str: 13    XL:     16   Next: 31%
Magic:  28/28      EV: 20    Int: 30    God:    Makhleb [******]
Gold:   484        SH:  0    Dex: 26    Spells: 12/31 levels left

rFire    + . .     SeeInvis .   k - +0 bardiche of Miusaa {chop, rElec Str+4 Dex+3} (curse)
rCold    + . .     Gourm    .   (shield currently unavailable)
rNeg     . . .     Faith    +   d - +2 steam dragon scales
rPois    +         Spirit   .   E - +0 helmet
rElec    +         Reflect  .   u - +2 cloak
rCorr    .         Harm     .   (no gloves)
MR       +....                  U - +1 pair of boots of Onuvidghi {rElec rPois Dex+5}
Stlth    +++.......             S - amulet of faith
HPRegen  0.28/turn              y - +6 ring of intelligence
MPRegen  0.21/turn              t - ring of Lecublaa {*Slow rF+ rC+ Int+3 Dex+4}

@: no status effects
A: change form in water, swift swim, stealthy swim
a: Minor Destruction, Lesser Servant of Makhleb, Major Destruction, Greater
Servant of Makhleb, Renounce Religion


You were on level 14 of the Dungeon.
You worshipped Makhleb.
Makhleb was exalted by your worship.
You were not hungry.

You visited 3 branches of the dungeon, and saw 21 of its levels.
You also visited: Bailey and Volcano.

You collected 2545 gold pieces.
You spent 2061 gold pieces at shops.

Inventory:

Hand Weapons
 b - a +2 scimitar of flaming
 k - the cursed +0 bardiche of Miusaa (weapon) {chop, rElec Str+4 Dex+3}
   (You took it off an orc warrior in a bailey)

   It inflicts extra damage upon your enemies.
   It affects your strength (+4).
   It affects your dexterity (+3).
   It insulates you from electricity.
   It has a curse placed upon it.
 s - the cursed +13 scythe of Curses {drain, *Curse}
   (You found it on level 2 of the Lair of Beasts)

   A truly terrible weapon, it drains the life of those it strikes.
   It curses itself when equipped.
   It has a curse placed upon it.
Missiles
 G - 6 javelins (quivered)
 V - 22 tomahawks
Armour
 d - +2 steam dragon scales (worn)
 u - a +2 cloak (worn)
 E - a +0 helmet (worn)
 T - the +2 robe "Qoraiseo" {rF+}
   (You bought it in a shop on level 2 of the Orcish Mines)

   It protects you from fire.
 U - the +1 pair of boots of Onuvidghi (worn) {rElec rPois Dex+5}
   (You found it on level 10 of the Dungeon)

   It affects your dexterity (+5).
   It insulates you from electricity.
   It protects you from poison.
Jewellery
 t - the ring of Lecublaa (right hand) {*Slow rF+ rC+ Int+3 Dex+4}
   (You found it on level 9 of the Dungeon)

   [ring of protection from fire]

   It affects your intelligence (+3).
   It affects your dexterity (+4).
   It protects you from fire.
   It protects you from cold.
   It may slow you when you take damage.
 y - a +6 ring of intelligence (left hand)
 z - an uncursed ring of positive energy
 A - an uncursed ring of resist corrosion
 H - an uncursed ring of see invisible
 S - an amulet of faith (around neck)
Wands
 g - a wand of digging (19)
 m - a wand of polymorph (9)
 q - a wand of acid (14)
 r - a wand of paralysis (26)
 N - a wand of flame (64)
 O - a wand of clouds (3)
 X - a wand of iceblast (11)
 Y - a wand of scattershot (7)
Scrolls
 f - 4 scrolls of teleportation
 j - 2 scrolls of fog
 n - 4 scrolls of enchant weapon
 o - 6 scrolls of fear
 p - 10 scrolls of remove curse
 D - 3 scrolls of identify
 I - 6 scrolls of amnesia
 Q - a scroll of magic mapping
 Z - a scroll of summoning
Potions
 e - a potion of mutation
 h - 4 potions of magic
 i - 2 potions of berserk rage
 v - 3 potions of agility
 B - 2 potions of resistance
 F - 3 potions of cancellation
 J - a potion of might
 K - 4 potions of haste
 L - 3 potions of flight
 M - 5 potions of curing
 P - 2 potions of brilliance
Comestibles
 c - 44 rations
 l - 17 chunks of flesh


   Skills:
 - Level 6.1 Fighting
 + Level 22.0 Polearms
 - Level 8.0 Dodging
 - Level 4.2 Stealth
   Level 4.5 Shields
 - Level 8.0 Spellcasting
 - Level 0.7 Conjurations
 - Level 3.0 Charms
 - Level 16.0 Ice Magic
 - Level 6.0 Invocations
 - Level 4.0 Evocations


You had 12 spell levels left.
You knew the following spells:

 Your Spells              Type           Power        Failure   Level  Hunger
a - Freeze                Ice            ####         0%          1    None
b - Throw Frost           Conj/Ice       ######       1%          2    None
c - Ozocubu's Armour      Chrm/Ice       ######..     1%          3    None
d - Throw Icicle          Conj/Ice       ######..     1%          4    #......
e - Ensorcelled Hibernat  Hex/Ice        ######       1%          2    None
f - Summon Ice Beast      Ice/Summ       ######..     1%          4    #......
g - Regeneration          Chrm/Necr      ###.......   7%          3    None


Dungeon Overview and Level Annotations

Branches:
Dungeon (14/15)            Temple (0/1) D:5            Lair (5/6) D:11
  Swamp (0/4) Lair:3        Snake (0/4) Lair:4          Orc (2/2) D:12
    Elf (0/3) Orc:2        Vaults (0/5) D:13
  Slime: Lair:5-6

Altars:
Elyvilon
Fedhas
Hepliaklqana
Makhleb
Nemelex Xobeh
Okawaru
Sif Muna
Trog
The Shining One

Shops:
D:10 *   Orc:2 [*!(

Annotations:
Lair:4 Rupert; Snorg


Message History

You barely miss the death knight.
The death knight is moderately wounded.
The death knight hits you but does no damage.
You slash the death knight!
The death knight is heavily wounded.
The death knight reflects your damage back at you!
The death knight hits you with an enchanted halberd.
You hit the death knight.
The death knight is severely wounded.
The death knight reflects your damage back at you!
* * * LOW HITPOINT WARNING * * *
You slash the death knight!
The death knight is severely wounded.
The death knight reflects your damage back at you!
* * * LOW HITPOINT WARNING * * *
The death knight misses you.
You hit the death knight but do no damage.
The death knight is severely wounded.
The death knight hits you with an enchanted halberd!!
You die...

********##*
*,,,,,,,..*
*,******#.* ### *,*
#.* #.# *,* #.* #..
*,* #p## #.# *,*
#.@############ #.#
*,* ##.#..........#
#.# *,*
#...########.# #.#
*,* ##..# #.# #.# *,*
#..# #.###.# *,*
####..##### #.....#
*,*
#.........##########
*,*
#.........'......รท..
*,*
#.........##########


You could see a death knight.

Vanquished Creatures
  Azrael (D:13)
  An ice dragon (D:11)
  Erolcha (D:13)
  A vault guard (D:13)
  Harold (D:10)
  A centaur warrior (D:13)
  3 hydras
  18 two-headed ogres
  5 ogre magi
  A tengu warrior (D:13)
  A hell hog (Volcano)
  Sonja (D:11)
  3 orc knights
  2 orc sorcerers
  3 cyclopes
  4 ugly things
  Joseph (D:7)
  2 black mambas (Lair:5)
  A molten gargoyle (Volcano)
  2 gargoyles
  A rime drake (Lair:1)
  2 spiny frogs
  2 kobold demonologists
  The ghost of Uberwunderbarhen the Cudgeler, a novice GrFi (D:7)
  A tengu conjurer (D:13)
  A queen bee (Lair:1)
  5 trolls
  7 slime creatures (D:12)
  A blink frog (Lair:5)
  A tyrant leech (Lair:3)
  7 hippogriffs
  A spriggan (D:7)
  3 shadows
  3 wyverns
  2 wraiths
  2 hungry ghosts (D:11)
  A basilisk (D:12)
  3 fire elementals (D:13)
  12 fire bats (Volcano)
  19 yaks
  3 vampire mosquitoes (D:13)
  A steam dragon (Volcano)
  An acid dragon (D:12)
  3 nagas (Lair:4)
  A warg (Orc:1)
  8 water moccasins
  4 hell hounds
  8 porcupines
  2 sky beasts
  4 black bears
  23 orc warriors
  6 ice beasts
  A hornet zombie (D:11)
  An eye of draining (D:11)
  A necrophage (D:11)
  34 ogres
  4 phantoms
  4 centaurs
  12 wolves
  10 crocodiles
  5 big kobolds
  20 bullfrogs
  A gnoll sergeant (Orc:2)
  A wyvern zombie (D:13)
  5 scorpions
  24 killer bees
  7 lava snakes (Volcano)
  A bullfrog zombie (D:9)
  8 crimson imps
  4 jellies
  7 centaur zombies
  2 quasits
  15 orc priests
  2 bullfrog skeletons
  7 hounds
  22 orc wizards
  4 iguanas
  Crazy Yiuf (D:3)
  14 worker ants
  4 hound zombies
  2 hound skeletons (D:11)
  A worker ant zombie (D:10)
  13 gnolls
  17 adders
  A shadow imp (D:13)
  An adder zombie (D:9)
  5 worms
  2 dart slugs (D:2)
  6 leopard geckos
  87 orcs
  12 giant cockroaches
  5 goblins
  8 hobgoblins
  13 jackals
  6 quokkas
  A ball python skeleton (D:5)
  A bat (D:1)
  A frilled lizard (D:3)
  24 kobolds
  A leopard gecko skeleton (D:5)
  A quokka zombie (D:5)
  5 rats
626 creatures vanquished.

Vanquished Creatures (collateral kills)
  A stone giant (D:11)
  An ice dragon (D:11)
  A hydra (D:11)
  Erica (D:10)
  A centaur warrior (D:14)
  A two-headed ogre (D:11)
  A slime creature (D:12)
  An unseen horror (D:10)
  An orc knight (Orc:1)
  2 oklob plants (D:11)
  A manticore (D:11)
  A black mamba (Lair:5)
  2 gargoyles
  A spiny frog (Lair:3)
  2 blink frogs (Lair:5)
  5 yaks
  5 fire bats (Volcano)
  A vampire (D:12)
  3 basilisks
  A naga (Lair:4)
  3 orc warriors
  A wolf (Lair:5)
  6 centaurs
  An ogre (Orc:1)
  A crocodile (Lair:4)
  2 bullfrogs
  11 killer bees (Lair:1)
  3 wights (D:11)
  A quasit (D:10)
  An orc priest (D:11)
  A bullfrog skeleton (D:10)
  3 orc wizards
  6 orcs
  A fungus (Lair:4)
  2 plants (D:11)
76 creatures vanquished.

Vanquished Creatures (others)
  A hydra (D:13)
  A bullfrog zombie (D:13)
  A shadow imp (D:13)
  A plant (Lair:5)
4 creatures vanquished.

Grand Total: 706 creatures vanquished

Notes
Turn   | Place    | Note
-------+----------+-------------------------------------------
     0 | D:1      | tilp the Merfolk Ice Elementalist began the quest for the Orb.
     0 | D:1      | Reached XP level 1. HP: 13/13 MP: 3/3
   510 | D:1      | Reached XP level 2. HP: 18/19 MP: 0/5
   514 | D:1      | Learned a level 2 spell: Throw Frost
  1014 | D:2      | Reached XP level 3. HP: 23/24 MP: 0/6
  1019 | D:2      | Learned a level 3 spell: Ozocubu's Armour
  1285 | D:2      | Noticed a scorpion
  1449 | D:2      | Reached skill level 5 in Ice Magic
  2231 | D:2      | Found a faded altar of an unknown god.
  2556 | D:2      | Reached XP level 4. HP: 28/30 MP: 0/7
  3374 | D:3      | Reached XP level 5. HP: 25/35 MP: 0/8
  3711 | D:3      | Found an iron altar of Okawaru.
  4396 | D:3      | Found a runed door.
  4565 | D:4      | Reached skill level 1 in Charms
  4565 | D:4      | Reached XP level 6. HP: 36/41 MP: 9/9
  5171 | D:4      | Reached skill level 1 in Fighting
  5333 | D:4      | Found a burning altar of Makhleb.
  5333 | D:4      | Found a sparkling altar of Nemelex Xobeh.
  5337 | D:4      | Became a worshipper of Makhleb the Destroyer
  5381 | D:4      | Reached XP level 7. HP: 52/52 MP: 0/10
  5755 | D:3      | Noticed Crazy Yiuf
  5761 | D:3      | Killed Crazy Yiuf
  5980 | D:5      | Entered Level 5 of the Dungeon
  6268 | D:5      | Reached skill level 5 in Dodging
  6272 | D:5      | Identified Bifrid's Guide on Toxic Fire
  6920 | D:5      | Reached XP level 8. HP: 39/58 MP: 8/12
  7098 | D:5      | Found a staircase to the Ecumenical Temple.
  7150 | D:5      | Reached * piety under Makhleb
  7780 | D:5      | Found a glowing golden altar of the Shining One.
  8229 | D:6      | Reached skill level 5 in Invocations
  9076 | D:7      | Reached XP level 9. HP: 58/63 MP: 13/15
  9202 | D:7      | Noticed Uberwunderbarhen's ghost (novice GrFi)
  9220 | D:7      | Reached ** piety under Makhleb
  9913 | D:7      | Noticed Joseph
 10731 | D:8      | Reached skill level 10 in Ice Magic
 10808 | D:8      | Found a hazy altar of Hepliaklqana.
 10846 | D:8      | Reached skill level 1 in Evocations
 10915 | D:8      | Found a bloodstained altar of Trog.
 11349 | D:8      | Noticed a two-headed ogre
 11375 | D:8      | Reached XP level 10. HP: 68/70 MP: 10/16
 11898 | D:8      | Noticed a two-headed ogre
 12704 | D:8      | Reached *** piety under Makhleb
 13195 | D:9      | Got a smoking amber ring
 13232 | D:9      | Identified the ring of Lecublaa {*Slow rF+ rC+ Int+3 Dex+4} (You found it on level 9 of the Dungeon)
 13281 | D:9      | Learned a level 4 spell: Throw Icicle
 13284 | D:9      | Learned a level 2 spell: Ensorcelled Hibernation
 13289 | D:9      | Learned a level 4 spell: Summon Ice Beast
 13377 | D:9      | Found a blossoming altar of Fedhas.
 13647 | D:10     | Entered Level 10 of the Dungeon
 13726 | D:10     | Got a pair of encrusted boots
 13764 | D:10     | Identified the +1 pair of boots of Onuvidghi {rElec rPois Dex+5} (You found it on level 10 of the Dungeon)
 13783 | D:10     | Reached skill level 1 in Shields
 14069 | D:10     | Reached **** piety under Makhleb
 14149 | D:10     | Noticed an unseen horror
 14162 | D:10     | Killed an unseen horror
 14191 | D:10     | Found Foiptoh's Assorted Antiques.
 14194 | D:10     | Bought a glowing trident for 182 gold pieces
 14302 | D:10     | Noticed Harold
 14331 | D:10     | Noticed Erica
 14349 | D:10     | Killed Erica
 14349 | D:10     | Reached skill level 5 in Spellcasting
 14349 | D:10     | Reached XP level 11. HP: 55/75 MP: 2/18
 14474 | D:10     | HP: 2/75 [gargoyle/flail (11)]
 15081 | D:10     | Reached skill level 1 in Polearms
 15308 | D:11     | Reached skill level 2 in Polearms
 15327 | D:11     | Noticed a two-headed ogre
 15503 | D:11     | Noticed Sonja
 15514 | D:11     | Killed Sonja
 15514 | D:11     | Reached skill level 4 in Polearms
 15515 | D:11     | Found a white marble altar of Elyvilon.
 15534 | D:11     | Noticed a six-headed hydra
 15565 | D:11     | Reached skill level 5 in Polearms
 15567 | D:11     | Noticed a soul eater
 15611 | D:10     | HP: 2/75 [wyvern (15)]
 15952 | D:11     | Killed a one-headed hydra
 15952 | D:11     | Reached skill level 7 in Polearms
 16069 | D:11     | Noticed a manticore
 16069 | D:11     | Noticed a seven-headed hydra
 16471 | D:11     | Reached skill level 8 in Polearms
 16533 | D:11     | Found a staircase to the Lair.
 16534 | D:11     | Noticed an oklob plant
 16695 | D:11     | Killed a one-headed hydra
 16695 | D:11     | Reached skill level 9 in Polearms
 16699 | D:11     | Reached skill level 10 in Polearms
 16950 | D:11     | Noticed an ice dragon
 17040 | D:11     | Killed a two-headed ogre
 17040 | D:11     | Reached skill level 11 in Polearms
 17187 | D:11     | Noticed a stone giant
 17495 | D:11     | Killed a manticore
 17633 | D:11     | Noticed an oklob plant
 17752 | D:11     | Killed an oklob plant
 17752 | D:11     | Reached skill level 12 in Polearms
 17752 | D:11     | Reached XP level 12. HP: 44/81 MP: 1/21
 17791 | D:11     | Noticed an ice dragon
 18253 | D:11     | Killed an ice dragon
 18253 | D:11     | Reached skill level 13 in Polearms
 18407 | D:11     | Killed an ice dragon
 18426 | D:11     | Got a transparent iron ring
 18429 | D:11     | Got a slimy scimitar {antimagic}
 18660 | D:10     | Identified the ring "Jage" {Wiz rPois} (You took it off an orc priest on level 11 of the Dungeon)
 18663 | D:10     | Identified the +5 scimitar "Guepnas" {antimagic, *Corrode rF+ rC++ Dex+2} (You took it off an orc priest on level 11 of the Dungeon)
 18974 | D:11     | Killed a stone giant
 18974 | D:11     | Reached skill level 14 in Polearms
 19183 | Lair:1   | Entered Level 1 of the Lair of Beasts
 19701 | Lair:1   | Found a deep blue altar of Sif Muna.
 20031 | Lair:1   | Reached skill level 5 in Fighting
 20725 | Lair:2   | Noticed an eight-headed hydra
 20732 | Lair:2   | Killed a six-headed hydra
 20781 | Lair:2   | Found a dark tunnel.
 20801 | Volcano  | Entered a volcano
 21250 | Volcano  | Found a bloodstained altar of Trog.
 21250 | Volcano  | Noticed a hell hog
 21254 | Volcano  | Killed a hell hog
 21625 | Lair:2   | Found the cursed +13 scythe of Curses {drain, *Curse}
 21948 | Lair:2   | Reached XP level 13. HP: 93/93 MP: 20/22
 22472 | Lair:3   | Found a staircase to the Swamp.
 23625 | Lair:4   | Noticed Rupert
 23838 | Lair:4   | Found a staircase to the Snake Pit.
 23847 | Lair:4   | Noticed Snorg
 24590 | Lair:5   | Learned a level 3 spell: Regeneration
 25048 | Lair:5   | Reached skill level 15 in Ice Magic
 25101 | Lair:5   | Reached ***** piety under Makhleb
 26241 | D:12     | Found a staircase to the Orcish Mines.
 27461 | Orc:1    | Entered Level 1 of the Orcish Mines
 27656 | Orc:2    | Entered Level 2 of the Orcish Mines
 27866 | Orc:1    | Reached XP level 14. HP: 90/100 MP: 19/26
 28130 | Orc:2    | Found a staircase to the Elven Halls.
 28417 | Orc:2    | Reached skill level 15 in Polearms
 29419 | Orc:1    | Reached skill level 16 in Polearms
 30167 | Orc:2    | Reached skill level 17 in Polearms
 30203 | Orc:2    | Reached ****** piety under Makhleb
 30395 | Orc:2    | Reached skill level 18 in Polearms
 31099 | Orc:2    | Found Giatagg's Assorted Antiques.
 31099 | Orc:2    | Found Piukho Ahij's Antique Weapon Boutique.
 31099 | Orc:2    | Found Buixonk's Armour Shop.
 31099 | Orc:2    | Found Vikel's Distillery.
 31108 | Orc:2    | Bought a potion of curing for 36 gold pieces
 31108 | Orc:2    | Bought a potion of mutation for 96 gold pieces
 31108 | Orc:2    | Bought a potion of heal wounds for 60 gold pieces
 31108 | Orc:2    | Bought a potion of resistance for 120 gold pieces
 31109 | Orc:2    | Bought a +0 helmet for 58 gold pieces
 31115 | Orc:2    | Bought a scroll of identify for 62 gold pieces
 31115 | Orc:2    | Bought a scroll labeled LIHANOGASH for 31 gold pieces
 31115 | Orc:2    | Bought an ancient robe for 176 gold pieces
 31119 | Orc:2    | Got an ichor-stained large shield
 31130 | Orc:2    | Identified the +6 large shield "Unesyor" {rElec} (You acquired it on level 2 of the Orcish Mines)
 31140 | Orc:2    | Identified the +2 robe "Qoraiseo" {rF+} (You bought it in a shop on level 2 of the Orcish Mines)
 31164 | Orc:2    | Bought 2 potions of haste for 240 gold pieces
 31164 | Orc:2    | Bought a potion of haste for 120 gold pieces
 31164 | Orc:2    | Bought a potion of magic for 96 gold pieces
 31164 | Orc:2    | Bought a potion of curing for 36 gold pieces
 31165 | Orc:2    | Bought a potion of resistance for 310 gold pieces
 31165 | Orc:2    | Bought 3 scrolls of identify for 186 gold pieces
 31519 | D:8      | Reached skill level 19 in Polearms
 31649 | D:7      | Killed Uberwunderbarhen's ghost
 31941 | D:7      | Killed Joseph
 32036 | D:10     | Bought a scroll of remove curse for 84 gold pieces
 32036 | D:10     | Bought a scroll of remove curse for 84 gold pieces
 32036 | D:10     | Bought a scroll of remove curse for 84 gold pieces
 32071 | D:10     | Killed Harold
 32537 | D:13     | Noticed Azrael
 32551 | D:13     | Killed Azrael
 32555 | D:13     | Reached XP level 15. HP: 105/105 MP: 1/27
 32695 | D:13     | Reached skill level 20 in Polearms
 32950 | D:13     | Noticed Erolcha
 32974 | D:13     | Killed Erolcha
 33329 | D:13     | Found a gate to the Vaults.
 33762 | D:14     | Found a flagged portal.
 33839 | Bailey   | Entered a bailey
 34334 | Bailey   | Reached skill level 21 in Polearms
 34425 | Bailey   | Got an iridescent bardiche {chop}
 34437 | Bailey   | Reached skill level 22 in Polearms
 34437 | Bailey   | Reached XP level 16. HP: 111/111 MP: 20/28
 34438 | Bailey   | Identified the cursed +0 bardiche of Miusaa {chop, rElec Str+4 Dex+3} (You took it off an orc warrior in a bailey)
 34573 | D:14     | Slain by a death knight

Vault maps used:
D:1:      mrwooster_arrival_arrow, minmay_strange_pillars, grunt_decor_cap
D:2:      minmay_roachtagon, chequers_ecumenical_altar_simple_redux
D:3:      first_ration, okawaru_altar_gauntlet_db, uniq_crazy_yiuf_cottage
D:4:      gammafunk_temple_overflow_wave, grunt_ministairs_10
D:5:      tso_altar, minmay_temple_entry_butterflies, hangedman_decor_growths,
          minmay_misc_feat_columns, minmay_item_behind_shaft,
          minmay_misc_feat_secret_circle
D:7:      the_bakery, uniq_joseph
D:8:      kennysheep_ambush_hall, lemuel_round_altar, bloody_trog,
          grunt_decor_one_mirror, hangedman_decor_points
D:9:      kennysheep_small_circle
D:10:     serial_shops, nicolae_shop_competitors_out_of_business, minivault_20,
          uniq_erica, uniq_harold
D:11:     minmay_the_grid_net, dpeg_oklobed_lair, elyvilon_altar_3, uniq_sonja
D:12:     david_orc_4
D:13:     david_vaults_5, uniq_azrael, uniq_erolcha
D:14:     kennysheep_green_arena, minmay_misc_feat_roman, enter_bailey_1
Lair:1:   special_room, lemuel_centaur_altar, lemuel_fruit_tree
Lair:2:   enter_volcano_2, ldierk_geyser, columned_hall_lemuel,
          serial_bayou_crossing
Lair:3:   minmay_swamp_entry_worms
Lair:4:   minmay_snake_entry_guardpost_medium, serial_bayou_shore_a, uniq_snorg,
          uniq_rupert
Orc:1:    mines4_lemuel
Orc:2:    st_orc_ogre_mass
Bailey:   bailey_polearm_2, bailey
Volcano:  volcano_grotto

Skill      XL: |  1  2  3  4  5  6  7  8  9 10 11 12 13 14 15 |
---------------+----------------------------------------------+-----
Ice Magic      | 4 5 6 7 10 12 13 16 | 16.0
Charms         | 1 3 |  3.0
Fighting       | 3 6 |  6.1
Dodging        | 6 8 |  8.0
Spellcasting   | 3 4 5 6 8 |  8.0
Invocations    | 6 |  6.0
Stealth        | 3 4 |  4.2
Evocations     | 3 4 |  4.0
Shields        | 4 |  4.5
Polearms       | 12 14 19 22 | 22.0
Conjurations   | |  0.7

Action                   |  1- 3 |  4- 6 |  7- 9 | 10-12 | 13-15 | 16-18 || total
-------------------------+-------+-------+-------+-------+-------+-------++-------
Melee: Unarmed           |     1 |       |       |       |       |       ||     1
       Dagger            |    61 |       |       |       |       |       ||    61
       Hand axe          |       |    14 |   241 |   298 |       |       ||   553
       Trident           |       |       |       |   251 |  1554 |       ||  1805
       Scimitar          |       |       |       |    21 |     7 |       ||    28
       Glaive            |       |       |       |       |    22 |       ||    22
       Bardiche          |       |       |       |       |       |    19 ||    19
 Fire: Hunting sling     |    12 |    77 |       |       |       |       ||    89
Throw: Stone             |    17 |     1 |    11 |     8 |       |       ||    37
       Javelin           |       |     2 |    27 |    12 |     3 |       ||    44
       Tomahawk          |       |       |    14 |     6 |       |       ||    20
 Cast: Freeze            |    66 |    53 |   116 |   155 |    58 |       ||   448
       Ozocubu's Armour  |     3 |     8 |    40 |    58 |    83 |       ||   192
       Throw Frost       |       |     6 |    26 |    38 |    31 |       ||   101
       Throw Icicle      |       |       |       |    58 |   135 |       ||   193
       Regeneration      |       |       |       |       |     3 |       ||     3
       Summon Ice Beast  |       |       |       |       |     1 |       ||     1
Invok: Lesser Servant of |       |       |       |    30 |    16 |       ||    46
       Minor Destruction |       |       |       |     2 |     5 |       ||     7
Evoke: Wand              |       |       |       |    16 |     1 |       ||    17
  Use: Potion            |     1 |       |       |     5 |     3 |       ||     9
       Scroll            |       |     7 |     5 |    22 |    10 |       ||    44
 Stab: Sleeping          |     3 |       |     3 |    13 |     9 |     1 ||    29
       Distracted        |       |       |     1 |     7 |     5 |       ||    13
       Paralysed         |       |       |       |     6 |       |       ||     6
  Eat: Chunk             |     7 |    11 |    17 |    24 |    38 |       ||    97
       Ration            |       |       |     2 |     6 |     2 |       ||    10
Armor: Robe              |    24 |     7 |    78 |   197 |       |       ||   306
       Steam dragon scal |       |       |       |     4 |   312 |     3 ||   319
Dodge: Dodged            |    62 |    34 |   316 |   678 |   851 |     7 ||  1948
Block: Buckler           |       |       |       |   144 |   352 |       ||   496
       Rpst.: Scimitar   |       |       |       |     4 |     2 |       ||     6

Table legend:
 A = Spawn XP
 B = Non-spawn XP
 C = Spawn XP percentage of total XP
 D = Spawn monster count
 E = Non-spawn monster count
 F = Spawn count percentage of total count
 G = Total turns spent on level
                    A         B        C        D         E        F      G
               +---------+---------+-------+---------+---------+-------+---------
         Total |       0 |  100056 |   0.0 |       0 |     699 |   0.0 | 34573
               +---------+---------+-------+---------+---------+-------+---------
           D:1 |       0 |      22 |   0.0 |       0 |      14 |   0.0 |   864
           D:2 |       0 |      76 |   0.0 |       0 |      28 |   0.0 |  2211
           D:3 |       0 |     223 |   0.0 |       0 |      27 |   0.0 |  1632
           D:4 |       0 |     415 |   0.0 |       0 |      16 |   0.0 |  1339
           D:5 |       0 |     954 |   0.0 |       0 |      29 |   0.0 |  1882
           D:6 |       0 |     691 |   0.0 |       0 |      19 |   0.0 |  1365
           D:7 |       0 |    2207 |   0.0 |       0 |      35 |   0.0 |  1848
           D:8 |       0 |    3455 |   0.0 |       0 |      31 |   0.0 |  2092
           D:9 |       0 |    1018 |   0.0 |       0 |      25 |   0.0 |   963
          D:10 |       0 |    6592 |   0.0 |       0 |      46 |   0.0 |  3168
          D:11 |       0 |   11070 |   0.0 |       0 |      52 |   0.0 |  2784
          D:12 |       0 |    6926 |   0.0 |       0 |      42 |   0.0 |  2032
          D:13 |       0 |   11790 |   0.0 |       0 |      38 |   0.0 |  1341
          D:14 |       0 |    2355 |   0.0 |       0 |      12 |   0.0 |   233
        Lair:1 |       0 |    3631 |   0.0 |       0 |      39 |   0.0 |  1578
        Lair:2 |       0 |    2142 |   0.0 |       0 |      11 |   0.0 |   712
        Lair:3 |       0 |    3854 |   0.0 |       0 |      24 |   0.0 |  1196
        Lair:4 |       0 |    2270 |   0.0 |       0 |      16 |   0.0 |   750
        Lair:5 |       0 |    7509 |   0.0 |       0 |      34 |   0.0 |  1269
         Orc:1 |       0 |    5627 |   0.0 |       0 |      47 |   0.0 |  1765
         Orc:2 |       0 |   20844 |   0.0 |       0 |      63 |   0.0 |  2102
        Bailey |       0 |    1573 |   0.0 |       0 |      23 |   0.0 |   634
       Volcano |       0 |    4812 |   0.0 |       0 |      28 |   0.0 |   813
               +---------+---------+-------+---------+---------+-------+---------
